 Dungeon Crawl Stone Soup version 0.19.1 (webtiles) character file.

99 markt42 the Covered (level 4, 0/29 HPs)
             Began as a Gargoyle Fighter on Dec 27, 2016.
             Slain by a river rat (6 damage)
             ... in a sewer.
             The game lasted 00:01:35 (1356 turns).

markt42 the Covered (Gargoyle Fighter)              Turns: 1356, Time: 00:01:35

Health: 0/29       AC: 13    Str: 20    XL:     4   Next: 72%
Magic:  4/4        EV:  5    Int:  9    God:
Gold:   114        SH:  9    Dex:  9    Spells: 0 memorised, 3 levels left

rFire  . . .     SeeInvis .     a - +0 flail
rCold  . . .     Gourm    .     r - +0 chain mail
rNeg   + . .     Faith    .     c - +0 shield
rPois  ∞         Spirit   .     (no helmet)
rElec  +         Reflect  .     (no cloak)
rCorr  .         Harm     .     (no gloves)
MR     .....                    (no boots)
Stlth  ..........               (no amulet)
                                (no ring)
                                (no ring)

@: no status effects
A: negative energy resistance 1, electricity resistance, unbreathing,
petrification resistance, rot immunity, AC +3
a: no special abilities


You were in a sewer.
You were not hungry.

You visited 1 branch of the dungeon, and saw 3 of its levels.
You also visited: Sewer.

You collected 114 gold pieces.

Inventory:

Hand Weapons
 a - a +0 flail (weapon)
Armour
 c - a +0 shield (worn)
 r - a +0 chain mail (worn)
Scrolls
 b - a scroll of identify {unknown}
 e - 3 scrolls of recharging {unknown}
 i - a scroll of blinking {unknown}
 j - 2 scrolls of remove curse {unknown}
 n - a scroll of fog {unknown}
 o - 2 scrolls of teleportation {unknown}
 p - 2 scrolls of enchant armour {unknown}
 q - a scroll of magic mapping {unknown}
Potions
 d - a potion of might
 g - 2 potions of degeneration {unknown}
 h - a potion of haste {unknown}
 k - a potion of agility {unknown}
 m - a potion of flight {unknown}
Comestibles
 f - 2 bread rations
 l - a meat ration
 s - a chunk of flesh


   Skills:
 + Level 3.7 Fighting
 * Level 3.5 Maces & Flails
 + Level 3.9 Armour
 + Level 0.1 Dodging
 + Level 3.7 Shields


You had 3 spell levels left.
You didn't know any spells.

Dungeon Overview and Level Annotations

Branches:
Dungeon (3/15)

Altars:


Innate Abilities, Weirdness & Mutations

You are resistant to torment.
Your stone body is resilient. (AC +3)
You are immune to poison.
You resist negative energy. (rN+)
You are resistant to electric shocks. (rElec)
You can survive without breathing.
You are immune to petrification.
You are immune to rotting.


Message History

You are too injured to fight recklessly!
You are too injured to fight recklessly!
You are too injured to fight recklessly!
You are too injured to fight recklessly!
You are too injured to fight recklessly!
You are too injured to fight recklessly!
You are too injured to fight recklessly!
You are too injured to fight recklessly!
You are too injured to fight recklessly!
You are too injured to fight recklessly!
You are too injured to fight recklessly!
Unknown command.
The river rat bites you but does no damage.
You block the river rat's attack. The river rat barely misses you.
You block the river rat's attack.
The river rat twitches its whiskers.
You block the river rat's attack. x2
The rat twitches its whiskers.
The river rat bites you.
You die...

.....#
......#
≈≈≈≈.#
##.r...#
≈≈≈≈≈#
#≈≈r≈≈≈#
≈≈≈≈≈#
#≈≈r≈≈≈#
≈≈≈≈≈#
#≈≈r≈≈≈#
≈≈≈≈≈#
#≈≈≈r≈≈#
≈≈≈≈≈#
#≈≈≈≈#≈#
≈≈≈≈≈#
#≈≈rrr≈#
≈≈≈≈≈#
#≈≈≈≈@≈#
.≈≈≈≈#
#≈≈≈≈≈≈#
≈≈≈≈≈#
#≈≈≈#≈.#
≈#≈.≈#
#≈≈≈≈≈≈#
≈≈≈≈≈#
#≈≈≈≈≈≈#
≈≈≈≈≈#
#≈≈≈#≈≈#
≈≈≈≈≈#
#≈≈≈≈#≈#
≈≈≈≈≈#
#≈≈≈≈≈≈#
≈≈≈≈≈#
#≈≈≈≈≈≈#


You could see 3 river rats and 5 rats.

Vanquished Creatures
  4 adders
  A worm (D:3)
  A dart slug (D:2)
  3 leopard geckos
  4 ball pythons
  3 bats
  3 giant cockroaches
  7 goblins
  5 hobgoblins
  4 jackals (D:1)
  2 kobolds (D:2)
  A quokka (D:2)
  2 frilled lizards
  12 rats
52 creatures vanquished.

Notes
Turn   | Place    | Note
-------+----------+-------------------------------------------
     0 | D:1      | markt42 the Gargoyle Fighter began the quest for the Orb.
     0 | D:1      | Reached XP level 1. HP: 14/14 MP: 1/1
   106 | D:1      | Reached XP level 2. HP: 16/19 MP: 2/2
   729 | D:2      | Reached XP level 3. HP: 24/24 MP: 3/3
   894 | D:2      | Reached XP level 4. HP: 23/29 MP: 4/4
  1273 | D:3      | Found a glowing drain.
  1277 | Sewer    | Entered a sewer
  1356 | Sewer    | Slain by a river rat

Skill      XL: |  1  2  3 |
---------------+----------+-----
Maces & Flails | 3 |  3.5
Fighting       | |  3.7
Armour         | |  3.9
Dodging        | |  0.1
Shields        | |  3.7

Action                   |  1- 3 |  4- 6 || total
-------------------------+-------+-------++-------
Melee: Flail             |    84 |    67 ||   151
  Eat: Chunk             |       |     2 ||     2
Armor: Scale mail        |    44 |       ||    44
       Chain mail        |    10 |    29 ||    39
Dodge: Dodged            |    31 |    10 ||    41
Block: Shield            |    51 |    36 ||    87
